cohdb
Replays
Latest Replays
All Replays
Popular Replays
Top Player Replays
Match Explorer
How It Works
Community
CoH3 Stats
Reddit
Sign in to upload your games and track your stats! →
Sign in with Steam
Match 41798151
Unlisted
Match 41798151
Overview
Messages
Build Orders
End
Construct Section Command Post
Selects Canadian Shock Battlegroup
Infantry Section
Dingo Light Scout Car
Infantry Section
Construct Platoon Command Post
Selects Attacking Spirit
Selects Canadian Shock Section
Canadian Shock Section
Construct Company Command Post
Canadian Shock Section
Selects Incendiary Munitions
Selects Pyrotechnics
Infantry Training
CMP 15cwt Truck
Crusader II Medium Tank
Crusader II Medium Tank
Armored Vehicle Training
Crusader II Medium Tank
Grenade Package
Selects Churchill Crocodile Heavy Tank
Churchill Crocodile Heavy Tank
Selects Smoke Operation
Unlock M3 Grant Medium Tanks
M3 Grant Medium Tank
Warheads
Beef and Beer and Jesus
hop.lalai.laaa
John Mortar
Lt_Stade
simiver
Tanith's Finest
Calm
0
0
Comments
sign in to comment!
No comments posted yet!